Map: Torres Crepusculares

Players

Billy

  • Race: Protoss Protoss
  • League: Master

TheZergLord - Winner!

  • Race: Zerg Zerg
  • League: Master

VOD

Have the link to the VOD?

Description

Time

  • Played on: Feb. 18, 2016, 4:57 a.m.
  • Length: 9:56
Show
View Real Time Build Order
Export as new Build Order

Billy Protoss 

Build Orders: Double Forge, Nexus First 

Get SALT Encoding   

  12  0:01  Probe (Chrono Boost)  
  13  0:12  Probe (Chrono Boost)  
  14  0:21  Pylon  
  14  0:22  Probe (Chrono Boost)  
  15  0:39  Probe (Chrono Boost)  
  16  0:49  Probe (Chrono Boost)  
  17  1:00  Nexus  
  17  1:12  Gateway  
  17  1:14  Probe (Chrono Boost)  
  18  1:24  Probe (Chrono Boost)  
  19  1:25  Assimilator  
  19  1:31  Assimilator  
  19  1:35  Probe (Chrono Boost)  
  20  1:46  Probe (Chrono Boost)  
  20  1:57  Probe (Chrono Boost)  
  20  2:01  Cybernetics Core  
  21  2:07  Probe (Chrono Boost)  
  22  2:12  Probe (Chrono Boost)  
  23  2:18  Probe (Chrono Boost)  
  24  2:23  Probe (Chrono Boost)  
  24  2:28  Probe (Chrono Boost)  
  26  2:33  Probe (Chrono Boost)  
  27  2:37  Stalker (Chrono Boost)  
  27  2:39  Warp Gate  
  27  2:42  Mothership Core (Chrono Boost)  
  27  2:44  Probe (Chrono Boost)  
  32  2:51  Pylon  
  32  2:55  Probe (Chrono Boost)  
  33  3:01  Probe (Chrono Boost)  
  33  3:05  Probe (Chrono Boost)  
  35  3:06  Sentry  
  35  3:12  Probe (Chrono Boost)  
  38  3:16  Probe (Chrono Boost)  
  39  3:22  Probe (Chrono Boost), Gateway  
  39  3:23  Gateway  
  39  3:26  Probe (Chrono Boost)  
  41  3:30  Pylon  
  41  3:33  Probe (Chrono Boost)  
  42  3:37  Probe (Chrono Boost)  
  43  3:43  Forge  
  43  3:44  Forge, Probe (Chrono Boost)  
  43  3:47  Probe (Chrono Boost)  
  45  3:51  Pylon  
  45  3:54  Probe (Chrono Boost)  
  46  3:58  Probe (Chrono Boost)  
  47  4:05  Probe (Chrono Boost)  
  47  4:08  Probe (Chrono Boost)  
  49  4:15  Probe (Chrono Boost)  
  50  4:19  Probe (Chrono Boost)  
  51  4:24  Nexus  
  51  4:25  Protoss Ground Weapons Level 1 (Chrono Boost)  
  51  4:27  Pylon  
  51  4:30  Robotics Facility, Pylon  
  51  4:31  Protoss Ground Armor Level 1 (Chrono Boost)  
  51  4:40  Assimilator  
  51  4:44  Assimilator  
  51  4:47  Twilight Council, Gateway x2  
  51  4:51  Gateway  
  51  4:54  Probe x2  
  53  5:06  Probe (Chrono Boost)  
  55  5:07  Probe (Chrono Boost)  
  55  5:10  Gateway  
  55  5:16  Gateway  
  55  5:18  Probe (Chrono Boost)  
  55  5:19  Probe (Chrono Boost)  
  57  5:21  Blink (Chrono Boost)  
  57  5:22  Observer (Chrono Boost)  
  58  5:29  Probe  
  58  5:31  Probe  
  58  5:32  Stalker  
  58  5:34  Stalker  
  64  5:39  Stalker  
  64  5:40  Immortal (Chrono Boost)  
  70  5:47  Stalker x2  
  74  5:50  Stalker  
  76  6:00  Stalker x2  
  76  6:03  Probe  
  81  6:04  Pylon, Probe x2  
  83  6:15  Stalker x3  
  83  6:17  Stalker  
  91  6:23  Assimilator  
  91  6:27  Assimilator  
  91  6:28  Pylon  
  91  6:29  Pylon  
  91  6:32  Probe x2 (Chrono Boost)  
  93  6:33  Probe (Chrono Boost)  
  94  6:43  Probe x2 (Chrono Boost)  
  94  6:46  Probe (Chrono Boost)  
  97  6:53  Stalker x4  
  105  6:55  Robotics Bay  
  105  7:02  Robotics Facility  
  105  7:12  Charge  
  103  7:22  Stalker x2  
  103  7:23  Stalker x3  
  113  7:30  Pylon  
  113  7:34  Pylon  
  113  7:39  Pylon  
  113  7:40  Extended Thermal Lance  
  113  7:48  Colossus (Chrono Boost)  
  119  7:52  Colossus (Chrono Boost)  
  125  8:03  Pylon  
  125  8:04  Pylon  
  125  8:06  Dark Shrine  
  125  8:07  Pylon  
  125  8:18  Pylon  
  125  8:24  Zealot x2  
  125  8:25  Zealot x6  
  123  8:45  Zealot x4  
  123  8:46  Zealot x4  
  107  9:09  Zealot x5  
  111  9:10  Zealot x2  
  93  9:28  Dark Templar x2  
  93  9:29  Dark Templar  
  55  9:45  Dark Templar x2  
Show
View Real Time Build Order
Export as new Build Order

TheZergLord Zerg - Winner!

Build Orders: Hatch First, Lurkers 

Get SALT Encoding   

  12  0:01  Drone  
  13  0:13  Overlord  
  13  0:18  Drone  
  14  0:31  Drone x2  
  14  0:35  Drone  
  17  0:53  Hatchery  
  17  0:56  Drone  
  17  0:59  Drone  
  18  1:15  Spawning Pool  
  18  1:16  Drone  
  18  1:19  Drone  
  19  1:47  Hatchery  
  19  1:51  Overlord  
  18  2:03  Queen  
  18  2:04  Zergling x2  
  18  2:06  Drone x2  
  23  2:14  Queen  
  25  2:18  Drone  
  25  2:21  Drone  
  27  2:25  Drone  
  27  2:28  Drone  
  29  2:32  Drone  
  30  2:41  Queen  
  32  2:47  Drone x3  
  35  2:57  Drone  
  36  2:58  Overlord, Queen  
  38  3:07  Extractor  
  38  3:08  Drone x2, Extractor  
  38  3:10  Drone x2  
  38  3:12  Drone  
  41  3:13  Drone  
  41  3:18  Overlord  
  42  3:20  Drone x2  
  42  3:24  Drone  
  45  3:28  Drone x2  
  45  3:29  Drone  
  48  3:35  Drone x2  
  48  3:40  Overlord  
  51  3:41  Drone  
  51  3:44  Extractor  
  51  3:46  Roach Warren  
  49  3:56  Drone x5  
  49  3:57  Drone x2  
  49  4:02  Lair  
  56  4:20  Overlord  
  56  4:22  Drone x11  
  66  4:32  Spore Crawler  
  66  4:34  Drone, Spore Crawler  
  66  4:35  Overlord  
  66  4:37  Metabolic Boost  
  65  4:40  Roach  
  65  4:41  Roach x2  
  65  4:42  Roach  
  73  4:50  Overlord x2  
  73  5:04  Drone  
  74  5:10  Roach  
  74  5:11  Roach x2  
  74  5:12  Hatchery  
  74  5:13  Drone x10  
  89  5:16  Extractor  
  89  5:17  Extractor  
  89  5:19  Extractor  
  86  5:23  Overlord  
  86  5:26  Overseer  
  86  5:28  Drone  
  86  5:29  Drone x5  
  86  5:32  Drone  
  93  5:37  Hydralisk Den  
  93  5:38  Evolution Chamber  
  91  5:50  Overlord  
  91  5:51  Overlord  
  91  5:58  Overlord x2  
  91  5:59  Overlord x2  
  91  6:08  Glial Reconstitution  
  91  6:10  Lurker Den  
  91  6:11  Hydralisk, Zerg Missile Weapons Level 1  
  91  6:12  Hydralisk x6  
  105  6:19  Roach x3  
  105  6:20  Roach x5  
  121  6:26  Queen  
  121  6:32  Overlord x2  
  123  6:34  Roach x4  
  131  6:46  Roach x3  
  141  6:47  Roach x3  
  143  6:54  Overlord x2  
  143  7:01  Roach x7  
  153  7:02  Roach  
  159  7:22  Roach x8  
  175  7:24  Overlord x3  
  176  7:44  Lurker x4  
  176  7:45  Lurker x3  
  182  7:56  Hydralisk x3, Muscular Augments  
  182  7:58  Zergling x4, Hydralisk  
  190  7:59  Zergling x8  
  190  8:00  Zergling x8  
  191  8:32  Hydralisk x2  
  191  8:33  Hydralisk x2  
  186  8:55  Hydralisk, Roach  
  186  8:56  Hydralisk x7  
  186  8:57  Zergling x2  
  186  8:58  Zergling x4  
  176  9:29  Hydralisk x3  
  176  9:30  Hydralisk x11  
  184  9:38  Overseer x2  
Tags
 
Add a new tag
Caveats
  • Supply blocks, unpowered buildings, or Contaminate may cause inaccurate times.
  • Supply counts are checked every 10 seconds.